 Dungeon Crawl Stone Soup version 0.23-a0-558-g30802b1 (console) character file.

443 Duffy the Chopper (level 7, 0/62 HPs)
             Began as a Naga Fighter on Dec 11, 2018.
             Slain by Duvessa
             ... wielding a +0 rapier
              (2 damage)
             ... on level 5 of the Dungeon.
             The game lasted 00:02:08 (2473 turns).

Duffy the Chopper (Naga Fighter)                    Turns: 2473, Time: 00:02:09

Health: 0/62       AC: 10    Str: 25    XL:     7   Next: 2%
Magic:  7/7        EV:  3    Int:  9    God:
Gold:   147        SH: 10    Dex: 10    Spells: 6/6 levels left

rFire    . . .     SeeInvis +   a - +0 war axe
rCold    . . .     Gourm    .   c - +0 shield
rNeg     . . .     Faith    .   e - +0 plate armour
rPois    +         Spirit   .   (no helmet)
rElec    .         Reflect  .   (no cloak)
rCorr    .         Harm     .   r - +0 pair of gloves
MR       .....                  (no barding)
Stlth    ..........             (no amulet)
HPRegen  0.20/turn              (no ring)
MPRegen  0.10/turn              (no ring)

@: mighty, flying, very slow
A: large, see invisible, deformed body, poison resistance, slowness 2, slow
metabolism 1, spit poison 1, AC +2
a: Spit Poison


You were on level 5 of the Dungeon.
You were not hungry.

You visited 1 branch of the dungeon, and saw 6 of its levels.

You collected 147 gold pieces.

Inventory:

Hand Weapons
 a - a +0 war axe (weapon)
Armour
 c - a +0 shield (worn)
 e - a +0 plate armour (worn)
 r - a +0 pair of gloves (worn)
Scrolls
 g - a scroll of remove curse {unknown}
 i - 2 scrolls of fear {unknown}
 m - a scroll of enchant weapon {unknown}
 n - a scroll of blinking {unknown}
 o - a scroll of identify {unknown}
 p - a scroll of magic mapping {unknown}
 s - 2 scrolls of teleportation {unknown}
Potions
 b - a potion of brilliance {unknown}
 d - 4 potions of might
 h - a potion of lignification {unknown}
 j - a potion of curing {unknown}
 k - a potion of flight
 l - a potion of haste {unknown}
 q - a potion of ambrosia {unknown}
Comestibles
 f - 5 rations
 t - 2 chunks of flesh


   Skills:
 - Level 3.0 Fighting
 + Level 4.5 Axes
 + Level 3.9 Armour
 + Level 4.2 Shields


You had 6 spell levels left.
You didn't know any spells.
Your spell library was empty.

Dungeon Overview and Level Annotations

Branches:
Dungeon (6/15)
 Temple: D:4-7

Altars:

Annotations:
D:5 Dowan, Duvessa


Innate Abilities, Weirdness & Mutations

You cannot wear boots.
Your serpentine skin is tough. (AC +2)
You have supernaturally acute eyesight. (SInv)
Armour fits poorly on your strangely shaped body.
Your system is resistant to poisons. (rPois)
You cover ground very slowly.
You have a slow metabolism.
You can spit poison.


Message History

Duvessa is moderately wounded.
Duvessa hits you but does no damage. Duvessa hits you with a +0 rapier.
You slash Duvessa!
Duvessa is severely wounded.
You block Duvessa's attack.
Dowan smirks and points a slender finger.
Dowan gestures wildly while chanting.
Dowan blinks!
Duvessa hits you but does no damage.
You closely miss Duvessa.
Duvessa is severely wounded.
You block Duvessa's attack.
Dowan mumbles some strange words.
Dowan blinks!
You closely miss Duvessa.
Duvessa is heavily wounded.
Duvessa hits you but does no damage. x2
Your shield and plate armour prevent you from hitting Duvessa.
Duvessa is heavily wounded.
Duvessa hits you with a +0 rapier.
You die...

.#.... ####. #.....# .....
....... #..... .......
#...... ......0#..e.e
#......e... #........#
.....<.e## .......#@####
####
.......#....######..######
#.....##..................
.#...# #..................
#...# #.######...........
##.# #.# ###)>....... ##
..# ######.... .... #####
#.#.


You could see Duvessa and Dowan.

Vanquished Creatures
  A sky beast (D:5)
  An ogre (D:5)
  A centaur (D:5)
  Blork the orc (D:4)
  A worker ant (D:5)
  4 adders
  2 oozes
  2 worms
  2 leopard geckos
  2 giant cockroaches
  7 hobgoblins
  5 jackals (D:1)
  2 kobolds
  2 quokkas
  2 ball pythons
  A bat (D:3)
  2 frilled lizards
  A leopard gecko skeleton (D:4)
  A rat (D:1)
40 creatures vanquished.

Notes
Turn   | Place    | Note
-------+----------+-------------------------------------------
     0 | D:1      | Duffy the Naga Fighter began the quest for the Orb.
     0 | D:1      | Reached XP level 1. HP: 21/21 MP: 1/1
   121 | D:1      | Reached XP level 2. HP: 19/28 MP: 2/2
   526 | D:1      | Reached XP level 3. HP: 25/34 MP: 3/3
   683 | D:1      | You fall through a shaft!
  1484 | D:3      | Reached XP level 4. HP: 42/42 MP: 4/4
  1947 | D:4      | Noticed Blork the orc
  1957 | D:4      | Killed Blork the orc
  1957 | D:4      | Reached XP level 5. HP: 28/49 MP: 5/5
  2202 | D:5      | Entered Level 5 of the Dungeon
  2202 | D:5      | Noticed a sky beast
  2218 | D:5      | Killed a sky beast
  2218 | D:5      | Reached XP level 6. HP: 22/56 MP: 6/6
  2422 | D:6      | Noticed an orc warrior
  2449 | D:5      | Noticed Dowan
  2449 | D:5      | Noticed Duvessa
  2456 | D:5      | Reached XP level 7. HP: 23/62 MP: 7/7
  2469 | D:5      | HP: 1/62 [Duvessa/+0 rapier (4)]
  2473 | D:5      | Slain by Duvessa

Vault maps used:
D:1:      saegor_arrival_simple_d, corexii_corridor_pit
D:2:      okawaru_ov_weapons_minmay, kennysheep_generic_room_14
D:4:      feat_on_display, uniq_blork_the_orc, uniq_robin
D:5:      old_standard_altar, temple_pool_b, first_ration, minivault_26,
          minmay_strange_pillars, grunt_ministairs_10, uniq_duvessa,
          uniq_crazy_yiuf_cottage, uniq_pikel
D:6:      nicolae_overflow_hidden_temple

Skill      XL: |  1  2  3  4  5  6 |
---------------+-------------------+-----
Shields        | 3 4 |  4.2
Axes           | 3 4 |  4.5
Armour         | 3 |  3.9
Fighting       | |  3.0

Action                   |  1- 3 |  4- 6 |  7- 9 || total
-------------------------+-------+-------+-------++-------
Melee: War axe           |   132 |    50 |    16 ||   198
 Abil: Spit Poison       |     4 |     6 |       ||    10
  Use: Potion            |       |     1 |     1 ||     2
  Eat: Chunk             |     1 |     3 |       ||     4
Armor: Scale mail        |    16 |       |       ||    16
       Plate armour      |    80 |    20 |     9 ||   109
Dodge: Dodged            |    13 |     2 |     3 ||    18
Block: Shield            |    77 |    32 |    10 ||   119

Table legend:
 A = Non-vault XP
 B = Vault XP
 C = Vault XP percentage of total XP
 D = Non-vault monster count
 E = Vault monster count
 F = Vault count percentage of total count
                 A         B        C        D         E       F
            +---------+---------+-------+---------+---------+-------
      Total |     366 |     268 |  42.3 |      37 |       3 |   7.5
            +---------+---------+-------+---------+---------+-------
        D:1 |      37 |       0 |   0.0 |      17 |       0 |   0.0
        D:2 |      31 |       0 |   0.0 |       4 |       0 |   0.0
        D:3 |      16 |       0 |   0.0 |       8 |       0 |   0.0
        D:4 |      38 |     100 |  72.5 |       5 |       1 |  16.7
        D:5 |     244 |     168 |  40.8 |       3 |       2 |  40.0
            +---------+---------+-------+---------+---------+-------
